 Dungeon Crawl Stone Soup version 0.26.1-11-gd32895ea62 (webtiles) character file.

Game seed: 6053836893771211882

3612 MisterFreud the Grappler (level 9, -11/84 HPs)
             Began as a Troll Monk on June 22, 2021.
             Shot with an arrow by a centaur (14 damage)
             ... on level 8 of the Dungeon.
             The game lasted 00:09:26 (6734 turns).

MisterFreud the Grappler (Troll Monk)               Turns: 6734, Time: 00:09:26

Health: -11/84     AC:  6    Str: 21    XL:     9   Next: 86%
Magic:  8/8        EV: 11    Int:  6    God:
Gold:   477        SH:  0    Dex: 15    Spells: 8/8 levels left

rFire    + . .     SeeInvis .     - Unarmed
rCold    . . .     Faith    .   (no shield)
rNeg     . . .     Spirit   .   j - +0 robe (curse)
rPois    .         Reflect  .   (helmet restricted)
rElec    .         Harm     .   (no cloak)
rCorr    .         Rampage  .   (gloves unavailable)
Will     .....                  (boots unavailable)
Stlth    ++........             (no amulet)
HPRegen  0.64/turn              H - ring of protection from fire
MPRegen  0.11/turn              (no ring)

@: marked, flying
A: large, unfitting armour, claws 3, regeneration 1, shaggy fur 1, tough skin 3
a: no special abilities


You were on level 8 of the Dungeon.
You visited 2 branches of the dungeon, and saw 9 of its levels.
You also visited: Ossuary.

You collected 477 gold pieces.

Inventory:

Missiles
 d - 15 boomerangs (quivered)
 f - 6 silver javelins
 r - 6 javelins
 x - 6 large rocks
 y - 3 boomerangs of dispersal
Armour
 a - a +0 robe
 j - a cursed +0 robe (worn)
Jewellery
 H - a ring of protection from fire (left claw)
 J - the amulet of Plog {Inacc rPois rF+ Will+ Dex-4}
   (You found it on level 7 of the Dungeon)

   [amulet of inaccuracy]

   It reduces the accuracy of all your attacks.
   It affects your dexterity (-4).
   It protects you from fire.
   It protects you from poison.
   It affects your willpower, your defense against some magical effects.
Wands
 t - a wand of flame (6)
 u - a wand of acid (11)
 E - a wand of paralysis (10)
 F - a wand of random effects (18)
 G - a wand of polymorph (7)
Scrolls
 b - 3 scrolls of magic mapping {unknown}
 e - a scroll of random uselessness {unknown}
 g - 6 scrolls of remove curse {unknown}
 h - a scroll of amnesia {unknown}
 i - 3 scrolls of teleportation {unknown}
 k - 2 scrolls of noise {unknown}
 l - 2 scrolls of blinking {unknown}
 m - 7 scrolls of identify {unknown}
 o - 3 scrolls of enchant armour {unknown}
 s - 2 scrolls of fog {unknown}
 I - a scroll of silence {unknown}
 K - a scroll of enchant weapon {unknown}
Potions
 c - 2 potions of might {unknown}
 n - 2 potions of ambrosia
 p - 2 potions of curing {unknown}
 q - 2 potions of attraction {unknown}
 v - a potion of haste {unknown}
 w - a potion of heal wounds {unknown}
 z - a potion of berserk rage {unknown}
 A - 2 potions of brilliance {unknown}
 B - 3 potions of flight
 C - 2 potions of invisibility {unknown}
 D - 2 potions of cancellation {unknown}


   Skills:
 - Level 4.0 Fighting
 + Level 7.1 Throwing
 - Level 2.4 Dodging
 - Level 1.0 Stealth
 + Level 10.2 Unarmed Combat
 - Level 4.0 Evocations


You had 8 spell levels left.
You didn't know any spells.
Your spell library contained the following spells:

 Spells                   Type           Power        Failure   Level
 Animate Skeleton         Necr           0%           45%         1
 Apportation              Tloc           0%           45%         1
 Corona                   Hex            0%           45%         1
 Summon Small Mammal      Summ           0%           45%         1
 Summon Lightning Spire   Summ/Air       0%           99%         4
 Silence                  Hex/Air        0%           100%        5
 Conjure Ball Lightning   Conj/Air       0%           100%        6
 Tornado                  Air            0%           100%        9


Dungeon Overview and Level Annotations

Branches:
Dungeon (8/15)             Temple (1/1) D:4         Ossuary (visited)
   Lair: D:8-11

Altars:
Elyvilon
Fedhas
Gozag
Hepliaklqana
Makhleb
Ru
Uskayaw
Vehumet
Xom
Yredelemnul
Zin
The Shining One


Innate Abilities, Weirdness & Mutations

You are too large for most types of armour.
You have claws for hands.
Your natural rate of healing is unusually fast.
You are covered in fur. (AC +1)
You have extremely tough skin. (AC +3)


Message History

An orc comes into view. It is wielding a +0 short sword.
The centaur hits you.
* * * LOW HITPOINT WARNING * * *
The ogre closely misses you. The centaur hits you.
* * * LOW HITPOINT WARNING * * *
You bump into the rock wall.
The centaur hits you.
* * * LOW HITPOINT WARNING * * *
The centaur closely misses you. The centaur barely misses you.
The ogre closely misses you.
You're too confused to move!
You feel less invigorated.
You feel less confused. The centaur misses you. The centaur barely misses you.
The centaur hits you!
* * * LOW HITPOINT WARNING * * *
Unknown command.
The centaur wields a +0 shortbow.
The centaur shoots an arrow.
The arrow hits you!
* * * LOW HITPOINT WARNING * * *
The ogre closely misses you.
The centaur wields a +0 shortbow.
The centaur shoots an arrow.
The arrow hits you!
You die... ... #... ... .... #.# #..# #.# #..# . #.# #..# # #.# #55###.#. # ##.## #ccKYoo..

##########...###.#
##...........noO@#
##.#######...#####
##.# ##...... ...#
####### ####
....... ######. #
#


You could see an ogre, a necrophage, 2 centaurs, a white imp, a shadow imp and
an orc.

Vanquished Creatures
  Pikel (D:6)
  A wyvern (D:8)
  An ice beast (D:6)
  A black bear (D:7)
  An orc warrior (D:8)
  2 sky beasts
  A necrophage (D:8)
  4 ogres
  2 lemures (D:6)
  5 bullfrogs
  Blork the orc (D:6)
  4 water moccasin zombies (Ossuary)
  3 scorpions
  8 wights
  A jelly (D:7)
  4 hounds
  2 centaur skeletons
  2 orc priests
  2 iguanas
  7 orc wizards
  5 worker ants
  5 big kobold zombies (Ossuary)
  A hound skeleton (D:4)
  2 mummies (Ossuary)
  A howler monkey zombie (D:5)
  Robin (D:4)
  6 adders
  8 gnolls
  A white imp (D:7)
  An ufetubus (D:7)
  An ooze (D:3)
  4 adder zombies (Ossuary)
  2 worms
  3 dart slugs
  6 leopard geckos
  27 orcs
  A ball python (D:1)
  A giant cockroach (D:6)
  9 goblins
  13 hobgoblins
  7 jackals
  3 quokkas
  7 bats
  3 frilled lizards
  A gnoll zombie (Ossuary)
  6 hobgoblin zombies (Ossuary)
  A jackal skeleton (D:8)
  8 kobolds
  8 kobold zombies (Ossuary)
  A leopard gecko skeleton (D:4)
  An orc zombie (Ossuary)
  A quokka zombie (D:4)
  6 rats
204 creatures vanquished.

Notes
Turn   | Place    | Note
-------+----------+-------------------------------------------
     0 | D:1      | MisterFreud the Troll Monk began the quest for the Orb.
     0 | D:1      | Reached XP level 1. HP: 22/22 MP: 0/0
    26 | D:1      | Reached XP level 2. HP: 25/29 MP: 1/1
    77 | D:1      | Reached skill level 4 in Unarmed Combat
   132 | D:1      | Found a white marble altar of Elyvilon.
   154 | D:1      | Reached XP level 3. HP: 35/36 MP: 2/2
   674 | D:2      | Reached skill level 1 in Throwing
  1533 | D:3      | Reached XP level 4. HP: 40/44 MP: 3/3
  1953 | D:3      | Reached skill level 5 in Unarmed Combat
  2060 | D:3      | Reached XP level 5. HP: 50/50 MP: 4/4
  2497 | D:4      | Reached XP level 6. HP: 50/59 MP: 5/5
  2594 | D:4      | Found a staircase to the Ecumenical Temple.
  2594 | D:4      | Noticed Robin
  2619 | D:4      | Killed Robin
  2730 | Temple   | Entered the Ecumenical Temple
  2800 | D:4      | Reached skill level 6 in Unarmed Combat
  3044 | D:4      | Found a basalt altar of Yredelemnul.
  3379 | D:5      | Entered Level 5 of the Dungeon
  3396 | D:5      | Reached XP level 7. HP: 59/66 MP: 6/6
  3581 | D:5      | Reached skill level 7 in Unarmed Combat
  3686 | D:5      | Found a shimmering altar of Xom.
  3771 | D:5      | Found a burning altar of Makhleb.
  3839 | D:5      | Found a glowing golden altar of the Shining One.
  4027 | D:6      | Found a sand-covered staircase.
  4035 | Ossuary  | Entered an ossuary
  4092 | Ossuary  | Reached skill level 8 in Unarmed Combat
  4219 | Ossuary  | Reached XP level 8. HP: 64/74 MP: 7/7
  4312 | D:6      | Reached skill level 1 in Evocations
  4418 | D:6      | Found an opulent altar of Gozag.
  4418 | D:6      | Found a glowing silver altar of Zin.
  4869 | D:6      | Noticed Blork the orc
  4877 | D:6      | Killed Blork the orc
  4883 | D:6      | Reached skill level 5 in Throwing
  5137 | D:6      | Noticed Pikel
  5153 | D:6      | Killed Pikel
  5154 | D:6      | Reached skill level 9 in Unarmed Combat
  5154 | D:6      | Reached XP level 9. HP: 21/84 MP: 8/8
  5606 | D:7      | Found a blossoming altar of Fedhas.
  6064 | D:7      | Got a shimmering pewter amulet
  6070 | D:7      | Identified the amulet of Plog {Inacc rPois rF+ Will+ Dex-4}
                  | (You found it on level 7 of the Dungeon)
  6118 | D:7      | Found a hide-covered altar of Uskayaw.
  6544 | D:8      | Found a hazy altar of Hepliaklqana.
  6553 | D:8      | Found a sacrificial altar of Ru.
  6617 | D:8      | Reached skill level 10 in Unarmed Combat
  6734 | D:8      | HP: 3/84 [centaur/arrow (14)]
  6734 | D:8      | Shot with an arrow by a centaur

Illustrated notes

Levels and vault maps discovered:
D:1:      dpeg_arrival_court, layout_rooms, hex_large, kennysheep_flooded_box
D:2:      layout_basic
D:3:      layout_loops_ring, minmay_misc_feat_tower
D:4:      layout_basic, kennysheep_little_box, minmay_temple_entry_offerings,
          uniq_robin
D:5:      layout_gridville, lemuel_round_altar, tso_oasis_becter,
          makhleb_blood_cavern_becter
D:6:      layout_basic, grunt_temple_overflow_gold_and_silver,
          chequers_ossuary_entry_cave, grunt_ministairs_14,
          kennysheep_minor_cross, uniq_blork_the_orc, uniq_pikel
D:7:      layout_loops_ring, kennysheep_mini_moat, basic_altar,
          supply_closet_lemuel, minmay_crossroads
D:8:      layout_loops_ring, nzn_hepliaklqana_mist_gate,
          gammafunk_temple_overflow_arena, nicolae_ru_great_annihilating_truth,
          uniq_joseph
Temple:   minmay_temple_curvy_loop

Skill      XL: |  1  2  3  4  5  6  7  8  9 |
---------------+----------------------------+-----
Unarmed Combat | 4 5 6 8 9 10 | 10.2
Throwing       | 1 2 3 4 5 7 |  7.1
Evocations     | 3 4 |  4.0
Fighting       | 4 |  4.0
Dodging        | |  2.4
Stealth        | |  1.0

Action                   |  1- 3 |  4- 6 |  7- 9 || total
-------------------------+-------+-------+-------++-------
Melee: Unarmed           |    99 |   143 |   349 ||   591
       Punch             |     1 |       |    15 ||    16
  Use: Potion            |       |       |     2 ||     2
 Stab: Sleeping          |     2 |     3 |     2 ||     7
       Paralysed         |       |       |     1 ||     1
Armor: Robe              |    23 |    53 |   101 ||   177
Dodge: Dodged            |    43 |    70 |   174 ||   287
